 Dungeon Crawl Stone Soup version 0.28.0-45-g0d030f2227 (webtiles) character file.

Game seed: 182891975565414788

585 101zpm the Chiller (level 7, -1/38 HPs)
             Began as a Deep Elf Ice Elementalist on Apr 20, 2022.
             Killed by divine providence
             ... invoked by an orc priest
              (12 damage)
             ... on level 4 of the Dungeon.
             The game lasted 00:15:00 (5377 turns).

101zpm the Chiller (Deep Elf Ice Elementalist)      Turns: 5377, Time: 00:15:00

Health: -1/38      AC:  2    Str:  5    XL:     7   Next: 14%
Magic:  8/17       EV: 13    Int: 22    God:
Gold:   78         SH:  0    Dex: 15    Spells: 9/17 levels left

rFire   . . .      SeeInvis .   r - +2 halberd (venom)
rCold   . . .      Faith    .   (shield currently unavailable)
rNeg    . . .      Spirit   .   a - +0 robe
rPois   .          Reflect  .   (no helmet)
rElec   .          Harm     .   (no cloak)
rCorr   .          Rampage  .   (no gloves)
Will    .....                   (no boots)
Stlth   +++.......              (no amulet)
HPRegen 0.12/turn               v - ring of wizardry
MPRegen 0.15/turn               w - ring of flight

@: flying
A: no striking features
a: no special abilities


You were on level 4 of the Dungeon.
You visited 1 branch of the dungeon, and saw 4 of its levels.

You collected 78 gold pieces.

Inventory:

Hand Weapons
 c - a +0 dagger of draining
 r - a +2 halberd of venom (weapon)
Missiles
 d - 4 boomerangs
 l - 53 arrows
 n - 4 javelins
 o - 20 stones
 p - 6 poisoned darts
Armour
 a - a +0 robe (worn)
Magical Staves
 m - a staff of death
Jewellery
 v - a ring of wizardry (left hand)
 w - a ring of flight (right hand)
Scrolls
 b - a scroll of fear {unknown}
 e - a scroll of acquirement {unknown}
 f - 2 scrolls of identify {unknown}
 g - a scroll of amnesia {unknown}
 h - 6 scrolls of teleportation {unknown}
 j - a scroll of blinking {unknown}
 s - a scroll of fog {unknown}
Potions
 i - a potion of heal wounds {unknown}
 k - a potion of invisibility {unknown}
 q - a potion of brilliance {unknown}
 t - a potion of mutation {unknown}
 u - 2 potions of curing {unknown}


   Skills:
 + Level 1.2 Fighting
 + Level 0.2 Short Blades
 + Level 1.3(1.4) Polearms
 + Level 1.1(1.6) Staves
 + Level 3.6 Dodging
 + Level 3.9 Stealth
 + Level 5.7 Spellcasting
 + Level 1.2 Conjurations
 + Level 6.2 Ice Magic
 + Level 1.2 Air Magic


You had 9 spell levels left.
You knew the following spells:

 Your Spells              Type           Power      Damage    Failure   Level
a - Freeze                Ice            100%       1d11      1%          1
b - Frozen Ramparts       Ice            66%        1d8       1%          3
c - Ozocubu's Armour      Ice            33%        N/A       1%          3
d - Shock                 Conj/Air       44%        1d5       2%          1

Your spell library contained the following spells:

 Spells                   Type           Power      Damage    Failure   Level
 Corpse Rot               Necr/Air       18%        N/A       4%          2
 Swiftness                Air            11%        N/A       7%          3
 Hailstorm                Conj/Ice       23%        3d7       9%          4
 Airstrike                Air            5%         N/A       22%         4
 Lightning Bolt           Conj/Air       5%         1d17      50%         5
 Statue Form              Tmut/Erth      4%         N/A       99%         6


Dungeon Overview and Level Annotations

Branches:
Dungeon (4/15)
 Temple: D:4-7

Altars:
Gozag


Message History

Grinder resists.
The wall freezes Grinder.
Grinder barely misses you.
Grinder resists.
The wall freezes Grinder.
Grinder barely misses you.
Grinder resists.
The wall freezes Grinder.
Grinder blinks!
Grinder blinks!
Grinder gestures at you.
You struggle to resist.
Grinder says, "Make like a tree!"
You kill Grinder!
Your Polearms skill increases to level 1!
Your Air Magic skill increases to level 1!
You have reached level 7!
You start resting.
The frozen ramparts melt away.
You start resting.
An orc priest comes into view. It is wielding a +0 dagger.
An orc priest is nearby!
Your icy armour will break if you move.
Continue?
Your icy armour cracks and falls away as you move.
Found 17 arrows.
w - a ring of flight
v - a ring of wizardry (left hand)
You are too injured to fight recklessly!
You fly up into the air.
w - a ring of flight (right hand)
You are too injured to fight recklessly!
l - 53 arrows (gained 17)
You start resting.
An orc priest is nearby!
The orc priest shouts!
Casting: Frozen Ramparts (safe; 1% risk of failure)
Confirm with . or Enter, or press ? or * to list all spells.
Aiming: Shock (safe; 2% risk of failure)
Press: ? - help, Shift-Dir - straight line, f - orc priest
Aim: an orc priest, wielding a +0 dagger (68% to hit)
The zap hits the orc priest.
The orc priest is moderately wounded.
An orc comes into view.
It is wielding a +1 short sword of flaming.
The orc priest calls down the wrath of Beogh upon you.
Beogh smites you!
You die...

..................).....
.#...............o.....#
#.......#.#....o.......#
###.#...................
###...#.#.............
#.................
#.................
#.........#.......
##.......@........
#########........
##.###... ## ..


You could see an orc priest and an orc (wandering).

Vanquished Creatures
  Grinder (D:4)
  A necrophage (D:3)
  An ogre (D:3)
  A hound (D:4)
  An orc wizard (D:4)
  3 gnolls (D:3)
  A howler monkey skeleton (D:4)
  4 adders
  A white imp (D:4)
  An ufetubus (D:4)
  2 dart slugs
  8 orcs
  7 bats
  4 endoplasms
  A giant cockroach (D:1)
  8 goblins
  3 hobgoblins
  3 jackals
  9 kobolds
  2 quokkas
  3 ball pythons
  6 frilled lizards
  5 rats
76 creatures vanquished.

Vanquished Creatures (others)
  A fungus (D:3)
1 creature vanquished.

Grand Total: 77 creatures vanquished

Notes
Turn   | Place    | Note
-------+----------+-------------------------------------------
     0 | D:1      | 101zpm the Deep Elf Ice Elementalist began the quest for
                  | the Orb.
     0 | D:1      | Reached XP level 1. HP: 10/10 MP: 6/6
   175 | D:1      | Found a faded altar of an unknown god.
   424 | D:1      | Reached XP level 2. HP: 8/15 MP: 6/8
   426 | D:1      | Got the Compendium of Cloudy Clay
   978 | D:1      | Reached skill level 5 in Ice Magic
  1394 | D:2      | Reached XP level 3. HP: 18/19 MP: 5/9
  2116 | D:2      | Learned a level 3 spell: Frozen Ramparts
  2120 | D:2      | Learned a level 3 spell: Ozocubu's Armour
  2122 | D:2      | Learned a level 1 spell: Shock
  2289 | D:3      | Reached XP level 4. HP: 24/24 MP: 4/11
  2820 | D:3      | Noticed a necrophage
  2844 | D:3      | Killed a necrophage
  2845 | D:3      | Reached XP level 5. HP: 18/28 MP: 3/13
  3306 | D:3      | Found an opulent altar of Gozag.
  3368 | D:3      | Reached skill level 1 in Staves
  3561 | D:3      | Noticed an ogre
  4171 | D:3      | Killed an ogre
  4172 | D:3      | Reached skill level 1 in Fighting
  4172 | D:3      | Reached skill level 5 in Spellcasting
  4172 | D:3      | Reached skill level 6 in Ice Magic
  4172 | D:3      | Reached XP level 6. HP: 34/34 MP: 5/15
  5290 | D:4      | Noticed Grinder
  5292 | D:4      | Paralysed by Grinder for 6 turns
  5303 | D:4      | Reached skill level 1 in Conjurations
  5335 | D:4      | Killed Grinder
  5336 | D:4      | Reached skill level 1 in Polearms
  5336 | D:4      | Reached skill level 1 in Air Magic
  5336 | D:4      | Reached XP level 7. HP: 6/38 MP: 3/17
  5377 | D:4      | Killed from afar by an orc priest

Illustrated notes

Levels and vault maps discovered:
D:1:      wheals_arrival_shading, layout_rooms,
          dreamdust_ecumenical_altar_statues, serial_bayou_ford_a,
          amcnicky_mini_corridor_feature
D:2:      layout_rooms
D:3:      minmay_door_path, layout_rooms, mainiacjoe_overflow_tiny_flanked
D:4:      minmay_spotlight, layout_cave_pools, led_sif_book,
          minmay_temple_entry_statues_pillars, st_stairs_2,
          grunt_decor_one_mirror, uniq_grinder, uniq_crazy_yiuf_cottage,
          uniq_robin

Skill      XL: |  1  2  3  4  5  6 |
---------------+-------------------+-----
Ice Magic      | 5 6 |  6.2
Stealth        | 3 |  3.9
Dodging        | 3 |  3.6
Spellcasting   | 4 5 |  5.7
Staves         | 1 |  1.1
Fighting       | 1 |  1.2
Conjurations   | 1 |  1.2
Polearms       | 1 |  1.3
Air Magic      | 1 |  1.2
Short Blades   | |  0.2

Action                   |  1- 3 |  4- 6 |  7- 9 || total
-------------------------+-------+-------+-------++-------
Melee: Dagger            |    34 |       |       ||    34
       Punch             |     1 |     1 |       ||     2
       Staff             |       |    38 |       ||    38
       Halberd           |       |    46 |       ||    46
 Cast: Freeze            |    47 |     6 |       ||    53
       Shock             |     2 |    45 |     1 ||    48
       Frozen Ramparts   |     1 |    11 |       ||    12
       Ozocubu's Armour  |       |     5 |       ||     5
 Stab: Sleeping          |     2 |     3 |       ||     5
Armor: Robe              |    13 |    26 |       ||    39
Dodge: Dodged            |    44 |    94 |       ||   138
